 Dungeon Crawl Stone Soup version 0.29.1-15-g9cfb28693d (webtiles) character file.

Game seed: 8707761326581308819

2 Silvore the Ducker (level 1, 0/16 HPs)
             Began as a Demonspawn Gladiator on May 1, 2023.
             Slain by a hobgoblin (3 damage)
             ... on level 1 of the Dungeon.
             The game lasted 00:00:13 (233 turns).

Silvore the Ducker (Demonspawn Gladiator)            Turns: 233, Time: 00:00:14

Health: 0/16       AC:  4    Str: 14    XL:     1   Next: 33%
Magic:  1/1        EV: 12    Int:  9    God:
Gold:   6          SH:  0    Dex: 14    Spells: 0/0 levels left

rFire   . . .      SeeInvis .   a - +0 long sword
rCold   . . .      Faith    .   (no shield)
rNeg    . . .      Spirit   .   b - +0 leather armour
rPois   .          Reflect  .   c - +0 helmet
rElec   .          Harm     .   (no cloak)
rCorr   .          Rampage  .   (no gloves)
Will    .....                   (no boots)
Stlth   +.........              (no amulet)
HPRegen 0.05/turn               (no ring)
MPRegen 0.07/turn               (no ring)

@: no status effects
A: no striking features
a: no special abilities


You were on level 1 of the Dungeon.
You visited 1 branch of the dungeon, and saw 1 of its levels.

You collected 6 gold pieces.

Inventory:

Hand Weapons
 a - a +0 long sword (weapon)
Missiles
 d - 3 throwing nets (quivered)
 e - a javelin
Armour
 b - a +0 leather armour (worn)
 c - a +0 helmet (worn)


   Skills:
 + Level 2.0 Fighting
 + Level 2.7 Long Blades
 + Level 1.7 Throwing
 + Level 2.8 Dodging


You couldn't memorise any spells.
You didn't know any spells.
Your spell library contained the following spells:

 Spells                   Type           Power      Damage    Failure   Level
 Conjure Flame            Conj/Fire      0%         6-21      83%         3
 Ignite Poison            Fire/Tmut/Pois 0%         N/A       83%         3
 Sticky Flame             Conj/Fire      0%         2d3       99%         4


Dungeon Overview and Level Annotations

Branches:
Dungeon (1/15)

Altars:


Message History

You hit the kobold.
You kill the kobold!
A ball python comes into view.
The ball python moves out of view.
A rat comes into view.
The ball python misses you. x2
Things that are here:
a +0 dagger; 4 stones The ball python attacks as you move away!
The ball python completely misses you.
You hit the hobgoblin.
The hobgoblin is moderately wounded.
The ball python barely misses you. The ball python closely misses you.
The hobgoblin hits you but does no damage.
The ball python closely misses you. The ball python grabs you.
The ball python constricts you. The hobgoblin hits you. The rat bites you.
You completely miss the ball python. The ball python bites you.
The ball python constricts you. The hobgoblin barely misses you.
The rat closely misses you. The ball python bites you.
The ball python constricts you.
Unknown command.
You slash the ball python!
You kill the ball python!
The rat bites you but does no damage. The hobgoblin closely misses you.
The rat attacks as you move away! The rat bites you but does no damage.
Things that are here:
a +0 dagger; 4 stones The hobgoblin attacks as you move away!
The hobgoblin closely misses you. The hobgoblin attacks as you move away!
The hobgoblin hits you.
* * * LOW HITPOINT WARNING * * *
The hobgoblin attacks as you move away!
The hobgoblin hits you but does no damage.
You hit the hobgoblin.
The hobgoblin is almost dead.
The hobgoblin barely misses you.
You closely miss the hobgoblin.
The hobgoblin is almost dead.
The hobgoblin hits you but does no damage.
The hobgoblin hits you.
You die...
P

#.##.# ##.....
..♣P###.#..# ##...♣.♣
..P........####.......
.......†......+.......
..####)...####(.....†
#......# ##......
#r#.##.# ##....(
#g#....# ##...♣
#@###..# ##+♣♣ #.#
#..# #... #.###..#
#.♣. #......# ##.#♣
#####.##### ##...#
#........###.....
#.##.###.##.....#
#.##...........##
#.######.##...###


You could see a hobgoblin and a rat.

Vanquished Creatures
  A ball python (D:1)
  A bat (D:1)
  A kobold (D:1)
3 creatures vanquished.

Notes
Turn   | Place    | Note
-------+----------+-------------------------------------------
     0 | D:1      | Silvore the Demonspawn Gladiator began the quest for the
                  | Orb.
     0 | D:1      | Reached XP level 1. HP: 16/16 MP: 1/1
   233 | D:1      | Slain by a hobgoblin

Illustrated notes

Levels and vault maps discovered:
D:1:      dpeg_arrival_yet_another_circle, layout_loops_corners, serial_forest,
          infiniplex_forest_lined_3, infiniplex_forest_clump_small,
          infiniplex_forest_end_3, infiniplex_forest_lined_room_2,
          infiniplex_forest_straight_2, infiniplex_forest_end_1,
          infiniplex_forest_end_2, infiniplex_forest_corner_1,
          infiniplex_forest_clump_tiny

Action                   || total
-------------------------++-------
Melee: Long sword        ||    14
Armor: Leather armour    ||     8
Dodge: Dodged            ||    26
